 Dungeon Sprint DCSS version 0.31-a0-920-g28cbb04a8c (webtiles) character file.

Game seed: 9930284612101125647

2863 sircluck the Grappler (level 9, -2/105 HPs)
             Began as a Troll Berserker on Oct 17, 2023.
             Was a High Priest of Trog.
             Slain by a blink frog (13 damage)
             ... in the Dungeon (Sprint VII: "The Pits").
             The game lasted 00:02:15 (506 turns).

sircluck the Grappler (Troll Berserker)              Turns: 506, Time: 00:02:15

Health: -2/105     AC:  5    Str: 34    XL:     9   Next: 47%
Magic:  8/8        EV: 15    Int:  3    God:    Trog [*****.]
Gold:   0          SH:  0    Dex:  9    Spells: 8/8 levels left

rFire   . .          .
                       - Unarmed
rCold   . . .        (no shield)
rNeg    . . .        a - +0 animal skin
rPois   .            (helmet restricted)
rElec   .            o - +0 cloak
rCorr   .            (gloves unavailable)
SInv    .            (boots unavailable)
Will    .....        (no amulet)
Stlth   +            k - +3 ring of strength
HPRegen 1.17/turn    l - +3 ring of evasion
MPRegen 0.11/turn

%: no teleportation
@: on berserk cooldown
A: large, unfitting armour, claws 3, regeneration 1, shaggy fur 1, tough skin 1
a: Renounce Religion, Berserk, Trog's Hand, Brothers in Arms


You were in the Dungeon.
You worshipped Trog.
Trog was extremely pleased with you.
You visited 1 branch

Inventory:

Armour
 a - a +0 animal skin (worn)
 o - a +0 cloak (worn)
Jewellery
 k - a +3 ring of strength (left claw)
 l - a +3 ring of evasion (right claw)
Scrolls
 g - a scroll of blinking
 i - 2 scrolls of vulnerability
 j - a scroll of summoning
Potions
 b - 8 potions of curing
 c - 8 potions of heal wounds
 d - a potion of haste
 e - 4 potions of magic
 f - 3 potions of berserk rage
 h - 2 potions of invisibility
 m - 3 potions of mutation
 n - a potion of resistance


   Skills:
 + Level 11.0 Fighting
 + Level 3.3 Armour
 + Level 10.9 Dodging
 + Level 12.8 Unarmed Combat


You had 8 spell levels left.
You didn't know any spells.
Your spell library was empty.

Dungeon Overview and Level Annotations

Branches:
Dungeon (1/1)

Altars:
Ashenzari
Cheibriados
Dithmenos
Elyvilon
Fedhas
Gozag
Hepliaklqana
Kikubaaqudgha
Makhleb
Nemelex Xobeh
Okawaru
Qazlal
Ru
Sif Muna
Trog
Uskayaw
Vehumet
Wu Jian
Xom
Yredelemnul
Zin
The Shining One
Jiyva
Lugonu


Innate Abilities, Weirdness & Mutations

You are too large for most types of armour.
You have claws for hands.
Your natural rate of healing is unusually fast.
You are covered in fur. (AC +1)
You have tough skin. (AC +1)


Message History

Your stone giant rages.
Your stone giant is no longer berserk.
A blink frog comes into view.
A blink frog is nearby!
A blink frog is nearby!
A blink frog is nearby!
Your stone giant disappears in a puff of smoke!
The blink frog blinks!
The blink frog barely misses you.
You closely miss the blink frog.
A blink frog comes into view.
The blink frog hits you! x2
* * * LOW HITPOINT WARNING * * *
The blink frog blinks!
The blink frog gives a loud, deep croak!
There is a huge open gate to the Metal Vault (Medium), spattered with blood here.
You see here a +0 dagger.
The blink frog attacks as it pursues you!
The blink frog hits you.
* * * LOW HITPOINT WARNING * * *
The blink frog blinks! x2
The blink frog blinks!
The blink frog attacks as it pursues you!
The blink frog hits you!
* * * LOW HITPOINT WARNING * * *
The blink frog hits you!
* * * LOW HITPOINT WARNING * * *
The blink frog hits you but does no damage.
You see here a warg corpse.
Unknown command.
You claw the blink frog!
The blink frog is heavily wounded.
The blink frog blinks! x2
Unknown command.
Unknown command.
You scratch the blink frog.
The blink frog is lightly wounded.
You feel yourself speed up. The blink frog completely misses you.
The blink frog hits you!
You die...

______.# ______.#
____...###########++######
######'##................#
.')))'.##......#..#......#
######.##................+
........'.........)......+
###'#####......#†)#......#
.#..#).##......F@F§).....#
.'..'÷.#####'#####F)######
'####+###.......##''#
.).....##.......##F.##
.......##.......##F).#
###'#####...<...###)..#
..)))[.##.......# ##......
..)))[.##.......# .###'#
#########.......# ## .


You could see 3 blink frogs.

Vanquished Creatures
  A lindwurm (D)
  A blink frog (D)
  A fire bat (D)
  Eustachio (D)
  A steam dragon (D)
  Menkaure (D)
  2 floating eyes (D)
  An orc warrior (D)
  A centaur (D)
  A wolf (D)
  A kobold brigand (D)
  A necrophage (D)
  Dowan (D)
  A hell rat (D)
  A mummy (D)
  A gnoll (D)
  2 river rats (D)
  2 ufetubi (D)
  2 adder skeletons (D)
  An orc (D)
  A ball python (D)
  2 goblins (D)
  3 jackals (D)
  A quokka (D)
  A frilled lizard (D)
  A kobold (D)
33 creatures vanquished.

Vanquished Creatures (collateral kills)
  An orc knight (D)
  A blink frog (D)
  A ynoxinul (D)
  A warg (D)
  Duvessa (D)
  An orc warrior (D)
  An orc (D)
7 creatures vanquished.

Vanquished Creatures (others)
  A jackal (D)
1 creature vanquished.

Grand Total: 41 creatures vanquished

Notes
Turn   | Place    | Note
-------+----------+-------------------------------------------
     0 | D        | sircluck the Troll Berserker began the quest for the Orb.
     0 | D        | Reached XP level 1. HP: 22/22 MP: 0/0
    34 | D        | Found a bloodstained altar of Trog.
    34 | D        | Found a shimmering blue altar of Sif Muna.
    34 | D        | Found a viscous altar of Jiyva.
    34 | D        | Found a hazy altar of Hepliaklqana.
    34 | D        | Found an opulent altar of Gozag.
    35 | D        | Found a glowing golden altar of the Shining One.
    35 | D        | Found a glowing silver altar of Zin.
    35 | D        | Found a basalt altar of Yredelemnul.
    35 | D        | Found a shimmering altar of Xom.
    35 | D        | Found an ornate altar of the Wu Jian Council.
    35 | D        | Found a sacrificial altar of Ru.
    35 | D        | Found a stormy altar of Qazlal.
    35 | D        | Found an iron altar of Okawaru.
    35 | D        | Found a sparkling altar of Nemelex Xobeh.
    35 | D        | Found a burning altar of Makhleb.
    35 | D        | Found a blossoming altar of Fedhas.
    35 | D        | Found a white marble altar of Elyvilon.
    35 | D        | Found a shadowy altar of Dithmenos.
    35 | D        | Found a snail-covered altar of Cheibriados.
    37 | D        | Found a radiant altar of Vehumet.
    37 | D        | Found a corrupted altar of Lugonu.
    38 | D        | Found a hide-covered altar of Uskayaw.
    38 | D        | Found an ancient bone altar of Kikubaaqudgha.
    38 | D        | Found a broken altar of Ashenzari.
    78 | D        | Reached ** piety under Trog
    79 | D        | Reached skill level 4 in Unarmed Combat
    79 | D        | Reached XP level 2. HP: 17/31 MP: 1/1
    95 | D        | Noticed a floating eye
   100 | D        | Killed a floating eye
   101 | D        | Reached skill level 5 in Fighting
   101 | D        | Reached skill level 5 in Dodging
   101 | D        | Reached skill level 6 in Unarmed Combat
   101 | D        | Reached XP level 3. HP: 42/42 MP: 2/2
   101 | D        | Reached XP level 4. HP: 50/50 MP: 3/3
   105 | D        | Reached *** piety under Trog
   148 | D        | Noticed a kobold brigand
   159 | D        | Reached **** piety under Trog
   164 | D        | Killed a kobold brigand
   165 | D        | Reached skill level 7 in Unarmed Combat
   165 | D        | Reached XP level 5. HP: 44/59 MP: 4/4
   169 | D        | Noticed a centaur
   189 | D        | Killed a centaur
   190 | D        | Reached skill level 8 in Unarmed Combat
   190 | D        | Reached XP level 6. HP: 49/68 MP: 5/5
   209 | D        | Noticed Menkaure
   215 | D        | Killed Menkaure
   215 | D        | Reached ***** piety under Trog
   238 | D        | Noticed a floating eye
   240 | D        | Killed a floating eye
   241 | D        | Reached skill level 9 in Unarmed Combat
   241 | D        | Reached XP level 7. HP: 79/79 MP: 6/6
   246 | D        | Received a gift from Trog
   260 | D        | Noticed a fire bat
   273 | D        | Killed a fire bat
   274 | D        | Reached skill level 10 in Unarmed Combat
   307 | D        | Noticed Eustachio
   307 | D        | Noticed a lindwurm
   316 | D        | Killed a lindwurm
   317 | D        | Reached skill level 11 in Unarmed Combat
   317 | D        | Reached XP level 8. HP: 56/92 MP: 7/7
   318 | D        | Killed Eustachio
   442 | D        | Reached ****** piety under Trog
   446 | D        | Identified the +3 short sword of Sorek {heavy, rC+ Dex-5
                  | Stlth+} (Trog gifted it to you in the Dungeon)
   446 | D        | Received a gift from Trog
   448 | D        | Noticed a blink frog
   448 | D        | Noticed an orc knight
   449 | D        | Noticed Duvessa
   452 | D        | Noticed a blink frog
   462 | D        | HP: 4/93 [blink frog (9)]
   465 | D        | Noticed a blink frog
   466 | D        | Noticed Dowan
   466 | D        | Killed Duvessa
   467 | D        | Reached skill level 10 in Fighting
   467 | D        | Killed an orc knight
   468 | D        | Reached skill level 10 in Dodging
   468 | D        | Reached skill level 12 in Unarmed Combat
   468 | D        | Reached XP level 9. HP: 27/102 MP: 8/8
   472 | D        | Killed Dowan
   472 | D        | Identified the +2 great mace of Innocence {heavy, Dex+3}
                  | (Trog gifted it to you in the Dungeon)
   472 | D        | Received a gift from Trog
   473 | D        | Reached skill level 1 in Armour
   506 | D        | Slain by a blink frog

Illustrated notes

Levels and vault maps discovered:
D:        pitsprint [storerooms_1, entrance_room_1, metal_vault_5, armoury_2,
          mini_pit_1, grid_room_1, main_hall_1, silver_pit, the_coven_2,
          the_vestibule_1, steel_vault_4, golden_pit, hallway_of_sentries,
          crystal_vault_2, iron_vault_4, final_vault]

Skill      XL: |  1  2  3  4  5  6  7  8  9 |
---------------+----------------------------+-----
Fighting       | 3 5 6 7 9 10 11 | 11.0
Dodging        | 3 5 6 7 9 10 | 10.9
Unarmed Combat | 4 6 7 8 9 11 12 | 12.8
Armour         | 3 |  3.3

Action                     |  1- 3 |  4- 6 |  7- 9 || total
---------------------------+-------+-------+-------++-------
  Melee: Unarmed           |    18 |    24 |    59 ||   101
         Punch             |     1 |     1 |     3 ||     5
 Invoke: Berserk           |       |       |     2 ||     2
         Brothers in Arms  |       |       |     1 ||     1
    Use: Potion            |       |       |     2 ||     2
 Armour: Animal skin       |    18 |    14 |    62 ||    94
  Dodge: Dodged            |     7 |     6 |    60 ||    73

Table legend: (Time is in decaauts)
 A = Elapsed time spent in this place.
 B = Non-inter-level travel time spent in this place.
 C = Inter-level travel time spent in this place.
 D = Time resting spent in this place.
 E = Time spent auto-exploring this place.
 F = Levels seen in this place.
 G = Mean time per level.
                   A        B        C        D        E       F      G
               +--------+--------+--------+--------+--------+-----+--------+
         Total |    509 |    444 |     65 |     57 |    102 |   1 |  509.0 |
       Dungeon |    509 |    444 |     65 |     57 |    102 |   1 |  509.0 |
               +--------+--------+--------+--------+--------+-----+--------+

Top non-repeatable levels by time:
       D: 509 daAuts
